 Dungeon Crawl Stone Soup version 0.19.1-1-g22dce08 (webtiles) character file.

557 esteth the Martial Artist (level 7, 0/48 HPs)
             Began as a Merfolk Transmuter on Jan 15, 2017.
             Slain by a killer bee (1 damage)
             ... on level 4 of the Dungeon.
             The game lasted 00:14:36 (4143 turns).

esteth the Martial Artist (Merfolk Transmuter)      Turns: 4143, Time: 00:14:37

Health: 0/48       AC:  7    Str: 21    XL:     7   Next: 30%
Magic:  2/10       EV: 12    Int: 13    God:
Gold:   175        SH:  0    Dex: 18    Spells: 3 memorised, 4 levels left

rFire  . . .     SeeInvis .       - Unarmed
rCold  . . .     Gourm    .     l - +0 ring mail
rNeg   . . .     Faith    .     (no shield)
rPois  .         Spirit   .     (no helmet)
rElec  .         Reflect  .     (no cloak)
rCorr  .         Harm     .     (no gloves)
MR     .....                    o - +1 pair of boots
Stlth  +.........               (no amulet)
                                r - +4 ring of strength
                                p - +4 ring of dexterity

@: mighty, lethally poisoned (0 -> -13), very slightly contaminated
A: change form in water, swift swim, stealthy swim
a: no special abilities


You were on level 4 of the Dungeon.
You were not hungry.

You visited 1 branch of the dungeon, and saw 4 of its levels.

You collected 175 gold pieces.

Inventory:

Missiles
 j - 52 bolts (quivered)
Armour
 b - a +0 robe
 f - a +0 scale mail of poison resistance
 l - a +0 ring mail (worn)
 o - a +1 pair of boots (worn)
Jewellery
 p - a +4 ring of dexterity (left hand)
 r - a +4 ring of strength (right hand)
Wands
 q - a wand of iceblast (7/15)
Scrolls
 e - 5 scrolls of identify
 h - 2 scrolls of enchant weapon
 m - 2 scrolls of enchant armour
 t - a scroll of amnesia
Books
 c - a book of Changes

   Spells                             Type                      Level
   a - Beastly Appendage              Transmutation                1
   b - Sticks to Snakes               Transmutation                2
   c - Spider Form                    Transmutation/Poison         3
   d - Ice Form                       Ice/Transmutation            4
   e - Blade Hands                    Transmutation                5
Comestibles
 a - 2 chunks of flesh
 d - 5 bread rations
 i - a meat ration
 k - 2 slices of pizza
 n - a beef jerky


   Skills:
 - Level 1.1 Fighting
 - Level 2.8 Dodging
 + Level 8.5 Unarmed Combat
 - Level 2.0 Spellcasting
 - Level 4.2 Transmutations


You had 4 spell levels left.
You knew the following spells:

 Your Spells              Type           Power        Failure   Level  Hunger
a - Beastly Appendage     Tmut           ##....       10%         1    ##.....
b - Sticks to Snakes      Tmut           ##......     14%         2    ###....
c - Spider Form           Tmut/Pois      #.........   58%         3    ####...


Dungeon Overview and Level Annotations

Branches:
Dungeon (4/15)
 Temple: D:4-7

Altars:
Kikubaaqudgha
Qazlal
The Shining One


Message History

* * * LOW HITPOINT WARNING * * *
The killer bee barely misses you. The killer bee closely misses you.
* * * LOW HITPOINT WARNING * * *
You feel sick. The killer bee closely misses you. The killer bee misses you.
The killer bee stings you.
* * * LOW HITPOINT WARNING * * *
The killer bee barely misses you.
Okay, then.
Okay, then.
Sorry, you're not good enough to have a special ability.
It was a potion of might.
You feel very mighty all of a sudden.
* * * LOW HITPOINT WARNING * * *
You feel sick. The killer bee misses you. The killer bee barely misses you.
The killer bee stings you!
* * * LOW HITPOINT WARNING * * *
The killer bee barely misses you.
The killer bee stings you but does no damage.
The killer bee barely misses you. The killer bee stings you.
You die...

#o.# ........# ##. ##..##
........## #. ##.o..#
.......).# #. ##.....#
..........# #. ##......##
#..........###.
##.......§##
#..........##..
##.......§§y#
#.........#>.#
##........§§y##
#...........##
##..........yy@#
#...(....####
#..........§§yy#
##..>...## #
.##...............
#......# #
.................##
##.....#
#.................#
##.....#
#...............###......#
##..............##..######
##................## ####
##.............### ###...


You could see 6 killer bees.

Vanquished Creatures
  2 ogres (D:4)
  A bullfrog (D:3)
  A scorpion (D:4)
  A howler monkey (D:3)
  A hound (D:4)
  2 orc priests (D:3)
  An iguana (D:2)
  Terence (D:2)
  A howler monkey zombie (D:4)
  An adder (D:2)
  3 gnolls (D:3)
  2 worms (D:2)
  4 dart slugs (D:1)
  2 leopard geckos
  5 orcs (D:3)
  4 giant cockroaches
  7 goblins
  7 hobgoblins
  2 jackals (D:2)
  11 kobolds
  2 ball pythons
  6 bats
  6 frilled lizards
  8 rats
81 creatures vanquished.

Vanquished Creatures (collateral kills)
  A ball python (D:3)
  A kobold (D:2)
2 creatures vanquished.

Grand Total: 83 creatures vanquished

Notes
Turn   | Place    | Note
-------+----------+-------------------------------------------
     0 | D:1      | esteth the Merfolk Transmuter began the quest for the Orb.
     0 | D:1      | Reached XP level 1. HP: 15/15 MP: 3/3
   217 | D:1      | Reached skill level 4 in Unarmed Combat
   217 | D:1      | Reached XP level 2. HP: 16/21 MP: 5/5
   654 | D:1      | Reached XP level 3. HP: 19/26 MP: 6/6
   882 | D:1      | You fall through a shaft!
  1415 | D:2      | Noticed Terence
  1422 | D:2      | Learned a level 2 spell: Sticks to Snakes
  1426 | D:2      | Learned a level 3 spell: Spider Form
  1443 | D:2      | Killed Terence
  1586 | D:2      | Reached XP level 4. HP: 26/32 MP: 7/7
  2193 | D:2      | Found an ancient bone altar of Kikubaaqudgha.
  2193 | D:2      | Found a glowing golden altar of the Shining One.
  2194 | D:2      | Found a stormy altar of Qazlal.
  2704 | D:3      | Noticed a bullfrog
  2715 | D:3      | Killed a bullfrog
  2715 | D:3      | Reached skill level 5 in Unarmed Combat
  2715 | D:3      | Reached XP level 5. HP: 30/37 MP: 4/8
  2865 | D:3      | Reached skill level 6 in Unarmed Combat
  3374 | D:3      | Reached XP level 6. HP: 27/43 MP: 9/9
  3538 | D:3      | Reached skill level 7 in Unarmed Combat
  3838 | D:4      | Reached skill level 8 in Unarmed Combat
  3838 | D:4      | Reached XP level 7. HP: 48/48 MP: 6/10
  4143 | D:4      | HP: 1/48 [killer bee (7)]
  4143 | D:4      | Slain by a killer bee

Skill      XL: |  1  2  3  4  5  6 |
---------------+-------------------+-----
Unarmed Combat | 4 5 6 8 |  8.5
Transmutations | 3 4 |  4.2
Fighting       | |  1.1
Dodging        | |  2.8
Spellcasting   | |  2.0

Action                   |  1- 3 |  4- 6 |  7- 9 || total
-------------------------+-------+-------+-------++-------
Melee: Unarmed           |   130 |   166 |    17 ||   313
       Headbutt          |     1 |       |       ||     1
       Punch             |       |     2 |       ||     2
 Cast: Sticks to Snakes  |     1 |    11 |       ||    12
       Beastly Appendage |     1 |       |       ||     1
       Spider Form       |       |     5 |     1 ||     6
  Use: Potion            |     2 |     1 |     1 ||     4
       Scroll            |       |     5 |     1 ||     6
 Stab: Sleeping          |     2 |     2 |       ||     4
       Distracted        |       |     1 |       ||     1
  Eat: Chunk             |     2 |     9 |     2 ||    13
Armor: Robe              |    19 |    26 |       ||    45
       Ring mail         |       |    17 |     4 ||    21
Dodge: Dodged            |    78 |   108 |    31 ||   217
